 Dungeon Crawl Stone Soup version 0.29.1-15-g9cfb28693d (webtiles) character file.

Game seed: 1871080820275280973

6383 kingofthe the Nimble (level 10, 0/50 HPs)
             Began as a Deep Elf Conjurer on Mar 5, 2023.
             Was a Priest of Sif Muna.
             Killed by the air
             ... invoked by Gastronok
              (28 damage)
             ... on level 9 of the Dungeon.
             The game lasted 00:41:35 (10594 turns).

kingofthe the Nimble (Deep Elf Conjurer)           Turns: 10594, Time: 00:41:35

Health: 0/50       AC:  5    Str:  4    XL:     10   Next: 65%
Magic:  11/25      EV: 15    Int: 32    God:    Sif Muna [***...]
Gold:   450        SH:  0    Dex: 15    Spells: 15/27 levels left

rFire   . . .      SeeInvis .   F - +4 rapier (drain)
rCold   . . .      Faith    .   (no shield)
rNeg    . . .      Spirit   .   R - +0 leather armour {rPois}
rPois   +          Reflect  .   (no helmet)
rElec   .          Harm     .   (no cloak)
rCorr   .          Rampage  .   O - +0 pair of gloves
Will    +....                   M - +0 pair of boots
Stlth   ++++......              H - amulet of magic regeneration
HPRegen 0.16/turn               P - ring of poison resistance
MPRegen 0.59/turn               I - +6 ring of intelligence

@: no status effects
A: no striking features
a: Renounce Religion, Channel Magic, Forget Spell


You were on level 9 of the Dungeon.
You worshipped Sif Muna.
Sif Muna was most pleased with you.
You visited 2 branches of the dungeon, and saw 10 of its levels.
You also visited: Ossuary.

You collected 450 gold pieces.


   Skills:
 * Level 10.1 Dodging
 + Level 7.9 Stealth
 + Level 9.3 Spellcasting
 + Level 8.6 Conjurations
 + Level 7.5 Hexes
 * Level 6.1 Air Magic


You had 15 spell levels left.
You knew the following spells:

 Your Spells              Type           Power      Damage    Failure   Level
a - Magic Dart            Conj           100%       1d8       1%          1
b - Searing Ray           Conj           100%       2d8       1%          2
c - Fulminant Prism       Conj/Hex       30%        3d16      1%          4
d - Lightning Bolt        Conj/Air       29%        1d45      8%          5

Your spell library contained the following spells:

 Spells                   Type           Power      Damage    Failure   Level
 Static Discharge         Conj/Air       58%        3-11/arc  1%          2
 Dazzling Flash           Conj/Hex       100%       N/A       1%          3
 Iskenderun's Mystic Bla  Conj/Tloc      42%        2d10      10%         4
 Frozen Ramparts          Ice            30%        1d5       17%         3
 Gell's Gravitas          Tloc           15%        N/A       17%         3
 Lesser Beckoning         Tloc           15%        N/A       17%         3
 Teleport Other           Tloc           15%        N/A       17%         3
 Ice Form                 Ice/Tmut       15%        N/A       50%         4
 Summon Ice Beast         Ice/Summ       15%        N/A       50%         4
 Maxwell's Capacitive Co  Air            26%        ∞         100%        8
 Chain Lightning          Conj/Air       29%        3d38      100%        9
 Fire Storm               Conj/Fire      21%        8d5       100%        9
 Shatter                  Erth           7%         3d10*     100%        9

Inventory:

Hand Weapons
 f - a +0 dagger of venom
 s - a +2 whip of flaming
 F - a +4 rapier of draining (weapon)
 S - a +1 hammer of holy wrath
Missiles
 J - 3 throwing nets {=f}
Armour
 a - a +0 robe
 r - a +3 leather armour
 M - a +0 pair of boots (worn)
 O - a +0 pair of gloves (worn)
 R - a +0 leather armour of poison resistance (worn)
 T - a +0 troll leather armour
Magical Staves
 j - a staff of air {!a}
Jewellery
 C - a ring of protection from cold
 H - an amulet of magic regeneration (around neck)
 I - a +6 ring of intelligence (right hand)
 L - a ring of flight
 N - a ring of positive energy
 P - a ring of poison resistance (left hand)
Wands
 y - a wand of polymorph (11)
Scrolls
 h - 4 scrolls of teleportation {@r2}
 l - 2 scrolls of immolation {unknown}
 m - 2 scrolls of enchant armour {unknown}
 n - a scroll of noise {unknown}
 p - a scroll of fog {unknown}
 q - 2 scrolls of enchant weapon {unknown}
 u - 3 scrolls of amnesia {unknown}
 x - 4 scrolls of magic mapping {unknown}
 B - 2 scrolls of poison {unknown}
 D - a scroll of fear {unknown}
 E - 2 scrolls of vulnerability {unknown}
 K - a scroll of acquirement {unknown}
 Q - a scroll of summoning {unknown}
 U - a scroll of blinking {unknown}
Potions
 b - 3 potions of magic
 c - a potion of mutation {unknown}
 d - 2 potions of heal wounds {@q2}
 e - 3 potions of might
 g - 4 potions of resistance
 i - 4 potions of cancellation
 k - a potion of degeneration {unknown}
 o - 2 potions of ambrosia
 t - a potion of brilliance {unknown}
 v - 2 potions of lignification {unknown}
 w - 4 potions of curing {@q1}
 z - 4 potions of attraction
 A - 5 potions of flight
 G - 2 potions of berserk rage {!q}

Dungeon Overview and Level Annotations

Branches:
Dungeon (9/15)             Temple (1/1) D:4         Ossuary (visited)
   Lair: D:8-11         Orc: D:9-12

Altars:
Ashenzari
Cheibriados
Dithmenos
Elyvilon
Fedhas
Hepliaklqana
Kikubaaqudgha
Nemelex Xobeh
Okawaru
Qazlal
Ru
Sif Muna
Trog
Vehumet
Wu Jian
Xom
Yredelemnul
Zin
The Shining One

Shops:
D:7 (

Annotations:
D:7 1 runed translucent door, Crazy Yiuf
D:8 exclusion: downstairs
D:9 Gastronok

.. ....#. ...
###..#.... #..#
####.........
#...####...........#
.................#.#
.......#............#
..###..@.............
.....................
.
..###.†...........!.#
.. #...............#
#?###.✱###..........#
##......#
#.[[....>..#
#.......# ##.)......#
........w#
##..<)....##
.........#
#...........


You could see Gastronok (ally target) and a friendly fulminant prism.


Message History

Gastronok is severely wounded.
Casting: Fulminant Prism (dangerous; 1% risk of failure)
Confirm with . or Enter, or press ? or * to list all spells.
Aiming: Fulminant Prism (dangerous; 1% risk of failure)
Press: ? - help, Dir - move target You conjure a prism of explosive energy!
A fulminant prism comes into view.
Unknown command.
Gastronok waves his eye-stalks in wide circles.
The air twists around and strikes you!!
Your fulminant prism crackles loudly.
Your fulminant prism explodes!
The blast of energy engulfs the killer bee!!
You kill the killer bee!
Sif Muna accepts your kill.
Aiming: Polymorph
Press: ? - help, Shift-Dir - straight line, f - Gastronok
Aim: Gastronok, wearing the +3 hat of Pondering {ponderous, Will+ MP+10 Int+5} (severely wounded, will become a titan, a quicksilver dragon, or a caustic shrike, chance to affect: 0%)
Okay, then.
Unknown command.
Casting: Fulminant Prism (dangerous; 1% risk of failure)
Confirm with . or Enter, or press ? or * to list all spells.
Aiming: Fulminant Prism (dangerous; 1% risk of failure)
Press: ? - help, Dir - move target You conjure a prism of explosive energy!
A fulminant prism comes into view.
Gastronok waves his eye-stalks in wide circles.
The air twists around and strikes you!!
Ouch! That really hurt!
You die...

Skill      XL: |  1  2  3  4  5  6  7  8  9 10 |
---------------+-------------------------------+-----
Dodging        | 3 4 5 6 7 9 10 | 10.1
Stealth        | 3 4 5 7 |  7.9
Spellcasting   | 4 5 6 7 8 9 |  9.3
Conjurations   | 5 6 7 8 |  8.6
Hexes          | 2 3 5 6 7 |  7.5
Air Magic      | 2 4 6 |  6.1

Action                   |  1- 3 |  4- 6 |  7- 9 | 10-12 || total
-------------------------+-------+-------+-------+-------++-------
Melee: Dagger            |     2 |       |       |       ||     2
       Whip              |       |       |     1 |       ||     1
       Rapier            |       |       |    10 |       ||    10
 Cast: Magic Dart        |    63 |    36 |    65 |    19 ||   183
       Searing Ray       |     6 |    12 |    60 |    12 ||    90
       Fulminant Prism   |       |       |    31 |    35 ||    66
  Use: Scroll            |       |       |    11 |     1 ||    12
Armor: Robe              |       |       |     4 |       ||     4
       Troll leather arm |       |       |       |     2 ||     2
Dodge: Dodged            |     8 |     3 |    44 |    29 ||    84

Levels and vault maps discovered:
D:1:      beargit_arrival_diablo_church, layout_basic,
          ebering_ecumenical_altar_mist
D:2:      layout_basic, minmay_domino_2
D:3:      layout_basic, mainiacjoe_overflow_catwalk,
          nicolae_overflow_hidden_temple, hex_large,
          minmay_misc_feat_four_crosses, minmay_parallelograms,
          grunt_ministairs_13
D:4:      layout_loops_corners, mainiacjoe_overflow_paths,
          minmay_temple_entry_enclosed_plants, uniq_eustachio
D:5:      layout_rooms, nicolae_ossuary_entry_catacombs
D:6:      layout_cave_pools, serial_co_window_serial, co_window_paths_a,
          co_window_corner_a, co_window_corner_a, co_window_paths_b,
          co_window_of_opportunity_a, co_window_2corner, co_window_paths_c,
          co_window_broadway_b, co_window_unsneaky_path_c, co_window_4corner_a
D:7:      layout_basic, mainiacjoe_overflow_alcove_4, serial_shops,
          nicolae_shop_waterfront, uniq_crazy_yiuf_cottage, uniq_joseph,
          uniq_menkaure, uniq_prince_ribbit1
D:8:      layout_gridville
D:9:      layout_rooms, grunt_gozag_breadcrumbs, serial_shops, shop,
          blue_anna_alchemist, uniq_psyche, uniq_gastronok, uniq_harold
Temple:   regret_index_temple_generic_petals

Notes
Turn   | Place    | Note
-------+----------+-------------------------------------------
     0 | D:1      | kingofthe the Deep Elf Conjurer began the quest for the
                  | Orb.
     0 | D:1      | Reached XP level 1. HP: 10/10 MP: 6/6
   131 | D:1      | Found a faded altar of an unknown god.
   272 | D:1      | Reached XP level 2. HP: 15/15 MP: 6/8
   275 | D:1      | Learned a level 2 spell: Searing Ray
   908 | D:2      | Reached skill level 3 in Dodging
   955 | D:2      | Reached skill level 3 in Stealth
   955 | D:2      | Reached XP level 3. HP: 19/19 MP: 7/10
  1813 | D:3      | Found a snail-covered altar of Cheibriados.
  2263 | D:3      | Reached skill level 4 in Spellcasting
  2469 | D:3      | Reached XP level 4. HP: 24/24 MP: 10/12
  2597 | D:3      | Found a glowing golden altar of the Shining One.
  2662 | D:4      | Reached skill level 5 in Conjurations
  2803 | D:4      | Found an ornate altar of the Wu Jian Council.
  2879 | D:4      | Reached skill level 4 in Dodging
  2879 | D:4      | Reached XP level 5. HP: 28/28 MP: 4/13
  2965 | D:4      | Noticed an ogre
  2969 | D:4      | Killed an ogre
  2970 | D:4      | Reached skill level 5 in Spellcasting
  3015 | D:4      | Found a staircase to the Ecumenical Temple.
  3079 | Temple   | Entered the Ecumenical Temple
  3306 | Temple   | Became a worshipper of Sif Muna the Loreminder
  3598 | D:4      | Reached XP level 6. HP: 32/32 MP: 7/15
  3669 | D:4      | Learned a level 4 spell: Fulminant Prism
  3715 | D:4      | Reached skill level 4 in Stealth
  3715 | D:4      | Reached skill level 1 in Hexes
  3972 | D:4      | You fall into a shaft and drop 1 floor!
  3972 | D:5      | Entered Level 5 of the Dungeon
  4083 | D:5      | Reached skill level 5 in Dodging
  4086 | D:5      | Reached skill level 6 in Conjurations
  4086 | D:5      | Reached skill level 2 in Hexes
  4086 | D:5      | Reached XP level 7. HP: 36/36 MP: 9/17
  4151 | D:5      | Found a sand-covered staircase.
  4416 | Ossuary  | Entered an ossuary
  4424 | Ossuary  | Reached * piety under Sif Muna
  4468 | Ossuary  | Reached skill level 6 in Spellcasting
  4475 | Ossuary  | Reached skill level 3 in Hexes
  5183 | Ossuary  | Reached ** piety under Sif Muna
  5184 | Ossuary  | Reached skill level 6 in Dodging
  5217 | Ossuary  | Identified 4 potions of resistance
  5786 | D:4      | Reached XP level 8. HP: 41/41 MP: 13/19
  5842 | D:4      | Noticed Eustachio
  5873 | D:4      | Killed Eustachio
  5874 | D:4      | Reached skill level 5 in Stealth
  5874 | D:4      | Reached skill level 4 in Hexes
  6476 | D:6      | Reached skill level 7 in Spellcasting
  6489 | D:6      | Reached skill level 7 in Conjurations
  6643 | D:6      | Learned a level 5 spell: Lightning Bolt
  6725 | D:6      | Reached skill level 1 in Air Magic
  6757 | D:6      | Reached skill level 5 in Hexes
  6876 | D:6      | Reached skill level 7 in Dodging
  7105 | D:6      | Reached skill level 2 in Air Magic
  7639 | D:7      | Noticed Prince Ribbit
  7645 | D:7      | Killed Prince Ribbit
  7646 | D:7      | Reached XP level 9. HP: 45/45 MP: 16/22
  7658 | D:7      | Noticed Menkaure
  7671 | D:7      | Killed Menkaure
  7672 | D:7      | Reached skill level 6 in Stealth
  7685 | D:7      | Noticed a troll
  7994 | D:7      | Reached skill level 3 in Air Magic
  8208 | D:7      | Found a white marble altar of Elyvilon.
  8212 | D:7      | Found Noschul's Antique Weapon Emporium.
  8272 | D:7      | Reached skill level 8 in Spellcasting
  8492 | D:7      | Noticed Joseph
  8531 | D:7      | Reached skill level 8 in Dodging
  8535 | D:7      | Killed Joseph
  8536 | D:7      | Reached skill level 6 in Hexes
  8783 | D:7      | Found a runed translucent door.
  8786 | D:7      | Noticed Crazy Yiuf
  8915 | D:7      | Killed a troll
  8916 | D:7      | Reached skill level 4 in Air Magic
  9292 | D:8      | Reached skill level 8 in Conjurations
  9293 | D:8      | Reached *** piety under Sif Muna
  9372 | D:8      | Reached skill level 7 in Stealth
  9448 | D:8      | Reached skill level 9 in Dodging
  9448 | D:8      | Reached XP level 10. HP: 50/50 MP: 16/24
  9482 | D:8      | Reached skill level 5 in Air Magic
 10066 | D:9      | Noticed Gastronok
 10194 | D:9      | Noticed a two-headed ogre
 10234 | D:9      | Killed a two-headed ogre
 10235 | D:9      | Reached skill level 9 in Spellcasting
 10235 | D:9      | Reached skill level 7 in Hexes
 10244 | D:9      | Noticed Harold
 10297 | D:8      | Killed Harold
 10298 | D:8      | Reached skill level 6 in Air Magic
 10480 | D:9      | Reached skill level 10 in Dodging
 10594 | D:9      | Killed from afar by Gastronok

Vanquished Creatures
  Harold (D:8)
  A two-headed ogre (D:9)
  Joseph (D:7)
  A troll (D:7)
  Prince Ribbit (D:7)
  3 wyverns
  6 yaks (D:8)
  Eustachio (D:4)
  Menkaure (D:7)
  A water moccasin (D:8)
  2 orc warriors
  2 black bears (D:6)
  2 ice beasts
  3 ogres
  2 phantoms (D:4)
  A kobold brigand (D:8)
  An elf zombie (D:5)
  4 bullfrogs
  A necrophage (D:6)
  2 scorpions (D:6)
  5 water moccasin zombies (Ossuary)
  4 killer bees
  2 hounds
  2 jellies (D:6)
  A human zombie (D:5)
  An orc priest (D:4)
  2 gnoll boudas
  A human skeleton (D:5)
  5 iguanas
  6 orc wizards
  2 mummies (Ossuary)
  6 gnolls
  3 adders
  3 shadow imps
  3 white imps
  3 ufetubi
  3 adder zombies (Ossuary)
  A worm (D:2)
  24 orcs
  5 endoplasms
  2 giant cockroaches (D:4)
  7 goblins
  5 hobgoblins
  9 jackals
  7 kobolds
  4 quokkas
  5 ball pythons
  6 bats
  A frilled lizard (D:1)
  5 gnoll zombies (Ossuary)
  5 hobgoblin zombies (Ossuary)
  5 kobold zombies (Ossuary)
  An orc skeleton (D:5)
  7 orc zombies
  4 rats
192 creatures vanquished.

Vanquished Creatures (others)
  64 fulminant prisms
64 creatures vanquished.

Grand Total: 256 creatures vanquished

Table legend: (Time is in decaauts)
 A = Elapsed time spent in this place.
 B = Non-inter-level travel time spent in this place.
 C = Inter-level travel time spent in this place.
 D = Time resting spent in this place.
 E = Time spent auto-exploring this place.
 F = Levels seen in this place.
 G = Mean time per level.
                   A        B        C        D        E       F      G
               +--------+--------+--------+--------+--------+-----+--------+
         Total |  10598 |  10182 |    416 |   1660 |   6733 |  11 |  963.5 |
       Dungeon |   9523 |   9159 |    364 |   1052 |   6523 |   9 | 1058.1 |
        Temple |    249 |    197 |     52 |      0 |    187 |   1 |  249.0 |
       Ossuary |    825 |    825 |      0 |    608 |     23 |   1 |  825.0 |
               +--------+--------+--------+--------+--------+-----+--------+

Top non-repeatable levels by time:
     D:4: 1719 daAuts
     D:8: 1427 daAuts
     D:7: 1347 daAuts
     D:6: 1137 daAuts
     D:5: 1017 daAuts
     D:2: 938 daAuts
     D:3: 877 daAuts
     D:1: 834 daAuts
 Ossuary: 825 daAuts
  Temple: 249 daAuts
     D:9: 223 daAuts

Table legend:
 A = Non-vault XP
 B = Vault XP
 C = Vault XP percentage of total XP
 D = Non-vault monster count
 E = Vault monster count
 F = Vault count percentage of total count
                 A         B        C        D         E       F
            +---------+---------+-------+---------+---------+-------
      Total |    6474 |    2645 |  29.0 |     143 |      49 |  25.5
            +---------+---------+-------+---------+---------+-------
        D:1 |      30 |       0 |   0.0 |      18 |       0 |   0.0
        D:2 |      41 |       3 |   6.8 |      15 |       2 |  11.8
        D:3 |       7 |      17 |  70.8 |       4 |       6 |  60.0
        D:4 |     559 |     197 |  26.1 |      24 |       1 |   4.0
        D:5 |     158 |     180 |  53.3 |      12 |       6 |  33.3
        D:6 |     835 |       0 |   0.0 |      20 |       0 |   0.0
        D:7 |    1057 |     891 |  45.7 |      15 |       3 |  16.7
        D:8 |    2278 |     878 |  27.8 |      23 |       1 |   4.2
        D:9 |    1509 |       0 |   0.0 |      12 |       0 |   0.0
    Ossuary |       0 |     479 | 100.0 |       0 |      30 | 100.0
            +---------+---------+-------+---------+---------+-------
